 Dungeon Crawl Stone Soup version 0.17.2-1-ge4368a0 (webtiles) character file.

24 ololoev the Skirmisher (level 2, -3/24 HPs)
             Began as a Demonspawn Fighter on July 25, 2016.
             Was a Follower of Makhleb.
             Slain by ololoev's ghost (11 damage)
             ... on level 3 of the Dungeon.
             The game lasted 00:03:53 (647 turns).

ololoev the Skirmisher (Demonspawn Fighter)          Turns: 647, Time: 00:03:53

Health: -3/24      AC:  6    Str: 16    XL:     2   Next: 79%
Magic:  2/2        EV:  4    Int:  9    God:    Makhleb [*.....]
Gold:   56         SH:  0    Dex: 12    Spells: 0 memorised, 1 level left

rFire  . . .     SeeInvis .     a - +0 war axe
rCold  . . .     Clarity  .     i - +0 scale mail
rNeg   . . .     SustAt   .     (no shield)
rPois  .         Gourm    .     (no helmet)
rElec  .         Spirit   .     (no cloak)
rCorr  .         Warding  .     (no gloves)
rMut   .         Stasis   .     (no boots)
MR     .....                    (no amulet)
Stlth  ..........               (no ring)
                                (no ring)

@: not resistant to hostile enchantments, extremely unstealthy
A: spiny 1
a: Renounce Religion


Innate Abilities, Weirdness & Mutations

You are partially covered in sharp spines.

Inventory:

Hand Weapons
 a - a +0 war axe (weapon)
 b - a +0 blowgun
Missiles
 h - 17 poisoned needles
Armour
 i - a +0 scale mail (worn)
Wands
 j - a wand of frost (26)
Scrolls
 c - 4 scrolls of identify
 k - 2 scrolls of recharging
Potions
 d - a potion of might
Comestibles
 e - a bread ration
 f - a meat ration
 g - a slice of pizza


   Skills:
 - Level 3.0 Fighting
 * Level 2.6 Axes
 + Level 0.5 Throwing
 + Level 2.8 Armour
   Level 2.6 Shields
 + Level 1.0 Invocations


You had one spell level left.
You didn't know any spells.


You were on level 3 of the Dungeon.
You worshipped Makhleb.
Makhleb was aware of your devotion.
You were not hungry.

You visited 1 branch of the dungeon, and saw 4 of its levels.

You collected 56 gold pieces.

#.................# #.
####.#####..##†...<## #.
#....#####..##.##### ##.
#..........###.# #..
#.....##.......# #.#
#.[..###.##.#### ####
#.#
#...........#####...##
#.#
#....###.#.....W...$.##
#.#
#....###.##.###.@.....#
##..
####.##..##.##.........#
##...
..##.##.###.##.........#
##<.#.
#....#..#.....#.......##
##.....
####.#.#..#.#.##.....##
#......
#.......##.#.###...##
#...... ##.#........#.#
#### #......
#.[..#####....## #......
...#.# ##.#..# #......

Notes
Turn   | Place    | Note
--------------------------------------------------------------
     0 | D:1      | ololoev the Demonspawn Fighter began the quest for the Orb.
     0 | D:1      | Reached XP level 1. HP: 18/18 MP: 1/1
   190 | D:3      | Gained mutation: You are partially covered in sharp spines. [demonic ancestry]
   190 | D:3      | Reached XP level 2. HP: 8/24 MP: 2/2
   245 | D:4      | Noticed ololoev's ghost (amateur DsGl)
   388 | D:3      | Found a faded altar to an unknown god.
   390 | D:3      | Noticed ololoev's ghost (weakling DsGl)
   427 | D:3      | Became a worshipper of Makhleb the Destroyer
   427 | D:3      | Reached * piety under Makhleb
   472 | D:2      | Reached skill level 1 in Invocations
   647 | D:3      | Slain by ololoev's ghost

Dungeon Overview and Level Annotations

Branches:
Dungeon (4/15)
 Temple: D:4-7

Altars:
Makhleb

Annotations:
D:3 ololoev's ghost, weakling DsGl
D:4 ololoev's ghost, amateur DsGl


Message History

There is an open door here.
You open the door.
There is an open door here.
A rat comes into view.
The goblin shouts!
There is a stone staircase leading down here.
You climb downwards.
Level annotation: ololoev's ghost, weakling DsGl
There is a stone staircase leading up here.
Items here: ))) ÷ a club; a dagger; a dagger; a quokka skeleton You see here an uncursed dagger.
Things that are here:
a club; a hobgoblin skeleton
Found an escape hatch in the ceiling.
Found a leather armour.
There is an escape hatch in the ceiling here.
A quokka comes into view.
You hit the quokka.
The quokka is moderately wounded.
The quokka is struck by your spines.
You kill the quokka!
Makhleb accepts your kill.
A bat comes into view.
The bat barely misses you. The bat is struck by your spines.
You kill the bat!
Makhleb accepts your kill.
You feel better.
You see here a bat corpse.
You see here a bat corpse.
Ololoev's ghost turns its malevolent gaze towards you.
Found an escape hatch in the floor.
Ololoev's ghost barely misses you.
Found 12 gold pieces.
Ololoev's ghost is struck by your spines.
Ololoev's ghost hits you!
There is an escape hatch in the floor here.
Ololoev's ghost hits you!
You die...

You could see ololoev's ghost.

Vanquished Creatures
  An orc (D:3)
  3 giant cockroaches (D:3)
  4 hobgoblins
  5 kobolds
  2 quokkas (D:3)
  2 bats
  2 giant newts (D:3)
  A quokka skeleton (D:4)
20 creatures vanquished.

Action                   || total
-------------------------++-------
Melee: War axe           ||    54
 Fire: Blowgun           ||     2
  Use: Scroll            ||     1

Vault maps used:
D:1:      tarquinn_simple_flora_water_a, minmay_strange_pillars
D:2:      okawaru_gym_becter
D:3:      ecumenical_altar_2
D:4:      fedhas_bush_and_centaur_altar, first_bread, minmay_door_square,
          tso_altar
